 Dungeon Crawl Stone Soup version 0.26.1-10-gdfb7c7de75 (webtiles) character file.

Game seed: 16019827072619560957

3611 tardwrangler69 the Fighter (level 10, -3/87 HPs)
             Began as a Vine Stalker Fighter on Apr 9, 2021.
             Was an Elder of Okawaru.
             Slain by a queen ant (7 damage)
             ... on level 8 of the Dungeon.
             The game lasted 00:08:01 (6290 turns).

tardwrangler69 the Fighter (Vine Stalker Fighter)   Turns: 6290, Time: 00:08:01

Health: -3/87      AC: 25    Str: 22    XL:     10   Next: 11%
Magic:  0/20       EV:  2    Int:  8    God:    Okawaru [****..]
Gold:   536        SH:  9    Dex: 14    Spells: 9/9 levels left

rFire    . . .     SeeInvis .   a - +1 rapier
rCold    . . .     Faith    +   c - +0 kite shield
rNeg     + + +     Spirit   +   (armour currently unavailable)
rPois    +         Reflect  .   (helmet currently unavailable)
rElec    .         Harm     .   (cloak currently unavailable)
rCorr    .         Rampage  .   (gloves currently unavailable)
Will     ++...     NoTele   +   (boots currently unavailable)
Stlth    +.........             K - amulet of faith
HPRegen  0.64/turn              y - ring of magical power
MPRegen  0.17/turn              C - ring of willpower

@: tree-form
A: regeneration 1, magic shield, no potion heal 3
a: Renounce Religion, Heroism


You were on level 8 of the Dungeon.
You worshipped Okawaru.
Okawaru was greatly pleased with you.
You were a tree.
You visited 1 branch of the dungeon, and saw 8 of its levels.

You collected 536 gold pieces.

Inventory:

Hand Weapons
 a - a +1 rapier (weapon)
Armour
 b - a +0 scale mail (melded)
 c - a +0 kite shield (worn)
 e - a +2 cloak (melded)
 q - a +0 pair of boots (melded)
 z - a +1 helmet (melded)
 D - a +0 pair of gloves (melded)
Jewellery
 n - an uncursed amulet of regeneration
 y - a ring of magical power (left branch)
 C - a ring of willpower (right branch)
 K - an amulet of faith (around neck)
 P - a cursed -4 ring of evasion {unknown}
Wands
 v - a wand of flame (10)
 E - a wand of disintegration (16)
 G - a wand of enslavement (8)
 N - a wand of digging (4)
Scrolls
 h - a scroll of amnesia
 l - 10 scrolls of identify
 p - 6 scrolls of teleportation
 u - 3 scrolls of enchant armour
 B - 3 scrolls of remove curse
 F - 2 scrolls of enchant weapon
 H - a scroll of magic mapping {unknown}
 I - a scroll of blinking {unknown}
 J - a scroll of immolation {unknown}
 L - a scroll of fog
 M - a scroll of torment {unknown}
Potions
 d - 5 potions of might
 f - 3 potions of resistance
 g - 2 potions of flight
 i - 3 potions of heal wounds
 j - a potion of cancellation
 k - a potion of berserk rage {unknown}
 m - 2 potions of invisibility {unknown}
 o - a potion of brilliance {unknown}
 r - a potion of lignification
 t - a potion of mutation {unknown}
 w - a potion of attraction {unknown}
 x - 2 potions of degeneration {unknown}
 A - 4 potions of magic
 O - a potion of ambrosia {unknown}


   Skills:
 + Level 9.6 Fighting
 + Level 9.4 Short Blades
 - Level 2.4 Armour
 - Level 2.6 Shields


You had 9 spell levels left.
You didn't know any spells.
Your spell library contained the following spells:

 Spells                   Type           Power        Failure   Level
 Beastly Appendage        Tmut           0%           91%         1
 Wereblood                Tmut           0%           97%         2
 Spider Form              Tmut/Pois      0%           99%         3
 Ice Form                 Ice/Tmut       0%           100%        4
 Blade Hands              Tmut           0%           100%        5


Dungeon Overview and Level Annotations

Branches:
Dungeon (8/15)             Temple (0/1) D:6
   Lair: D:8-11

Altars:
Ashenzari
Gozag
Kikubaaqudgha
Makhleb
Okawaru
Uskayaw
Xom

Shops:
D:5 :

Annotations:
D:3 2 transporters
D:4 2 transporters, slughead422's ghost, amateur FoFi


Innate Abilities, Weirdness & Mutations

((You have razor-sharp teeth.))
Your natural rate of healing is unusually fast.
When hurt, damage is shared between your health and your magic reserves.
((Your bite disrupts and absorbs the magic of your enemies.))
Potions cannot restore your health.


Message History

* * * LOW HITPOINT WARNING * * *
You hit the queen ant but do no damage.
The queen ant is severely wounded.
The soldier ant stings you but does no damage.
The queen ant stings you but does no damage.
You hit the queen ant.
The queen ant is severely wounded.
The soldier ant stings you but does no damage.
The queen ant stings you but does no damage.
You puncture the queen ant!
The queen ant is almost dead.
The soldier ant stings you but does no damage.
You block the queen ant's attack.
You hit the queen ant but do no damage.
The queen ant is almost dead.
You hit the queen ant but do no damage.
The queen ant is almost dead.
The soldier ant stings you but does no damage.
The queen ant stings you!
You die...

#######
##♣BBBB#
###.B#BBB#
##...##BBB#
#..###
B#..# ##.##
###...
##..# ....
# ##..##
..# # #..##
.. # ###.##
#


You could see a queen ant, 2 soldier ants and 7 worker ants.

Vanquished Creatures
  A two-headed ogre (D:8)
  Prince Ribbit (D:6)
  A water moccasin (D:8)
  2 soldier ants (D:8)
  2 black bears
  2 ice beasts
  4 ogres
  A centaur (D:7)
  4 bullfrogs
  2 scorpions
  2 hounds
  A quasit (D:8)
  2 centaur skeletons (D:4)
  A jelly (D:7)
  2 orc priests
  A bullfrog skeleton (D:6)
  4 iguanas
  12 orc wizards
  13 worker ants
  A hound zombie (D:7)
  9 adders
  3 gnolls (D:6)
  A shadow imp (D:5)
  An adder zombie (D:7)
  An adder skeleton (D:7)
  6 worms
  3 dart slugs
  6 leopard geckos
  31 orcs
  6 giant cockroaches
  15 goblins
  13 hobgoblins
  4 jackals (D:3)
  7 quokkas
  3 ball pythons
  5 bats
  6 frilled lizards
  2 giant cockroach zombies
  9 kobolds
  A quokka skeleton (D:4)
  A quokka zombie (D:5)
  8 rats
200 creatures vanquished.

Vanquished Creatures (others)
  6 plants (D:3)
6 creatures vanquished.

Grand Total: 206 creatures vanquished

Notes
Turn   | Place    | Note
-------+----------+-------------------------------------------
     0 | D:1      | tardwrangler69 the Vine Stalker Fighter began the quest for
                  | the Orb.
     0 | D:1      | Reached XP level 1. HP: 11/11 MP: 2/2
   337 | D:1      | Reached XP level 2. HP: 16/16 MP: 3/3
  1083 | D:2      | Reached XP level 3. HP: 20/20 MP: 4/4
  1166 | D:2      | Gained mutation: Your natural rate of healing is unusually
                  | fast. [Vine Stalker growth]
  1166 | D:2      | Reached XP level 4. HP: 25/25 MP: 5/5
  1589 | D:2      | Found an iron altar of Okawaru.
  1609 | D:2      | Became a worshipper of Warmaster Okawaru
  1775 | D:3      | Reached XP level 5. HP: 23/29 MP: 6/6
  2039 | D:3      | Found a transporter.
  2108 | D:3      | Found a transporter.
  2282 | D:3      | Reached XP level 6. HP: 3/34 MP: 1/7
  2680 | D:3      | Found a hide-covered altar of Uskayaw.
  2842 | D:4      | Reached * piety under Okawaru
  2848 | D:4      | Reached skill level 5 in Fighting
  2853 | D:4      | Got a bronze leather armour
  2875 | D:3      | Identified the +1 leather armour "Bavargh" {Int+4 Dex+2}
                  | (You found it on level 4 of the Dungeon)
  2987 | D:4      | Reached XP level 7. HP: 39/39 MP: 8/8
  3065 | D:4      | Reached skill level 5 in Short Blades
  3142 | D:4      | Found a transporter.
  3143 | D:4      | Found a transporter.
  3143 | D:4      | Noticed slughead422's ghost (amateur FoFi)
  3501 | D:4      | Found an ancient bone altar of Kikubaaqudgha.
  3651 | D:5      | Entered Level 5 of the Dungeon
  3747 | D:5      | Gained mutation: You have razor-sharp teeth. [Vine Stalker
                  | growth]
  3747 | D:5      | Reached XP level 8. HP: 44/44 MP: 9/9
  3796 | D:5      | Found Xetaufyi's Book Shop.
  3879 | D:5      | Reached ** piety under Okawaru
  4378 | D:6      | Found a broken altar of Ashenzari.
  4462 | D:6      | Noticed Prince Ribbit
  4475 | D:6      | Killed Prince Ribbit
  4683 | D:6      | Found a staircase to the Ecumenical Temple.
  4698 | D:6      | Found a broken altar of Ashenzari.
  4699 | D:6      | Found a shimmering altar of Xom.
  5268 | D:7      | Found a burning altar of Makhleb.
  5308 | D:7      | Found an opulent altar of Gozag.
  5445 | D:7      | Reached XP level 9. HP: 48/51 MP: 10/10
  5807 | D:8      | Noticed a two-headed ogre
  5826 | D:8      | Killed a two-headed ogre
  5826 | D:8      | Reached *** piety under Okawaru
  5919 | D:8      | Reached **** piety under Okawaru
  6225 | D:8      | Noticed a queen ant
  6229 | D:8      | Reached XP level 10. HP: 49/58 MP: 11/11
  6283 | D:8      | HP: 3/87 [poisoned by a queen ant]
  6285 | D:8      | HP: 1/87 [queen ant (3)]
  6290 | D:8      | Slain by a queen ant

Illustrated notes

Levels and vault maps discovered:
D:1:      sevenhm_arrival_forest_fort_large_4, layout_loops_ring,
          bh_walls_and_bars
D:2:      layout_basic, kennysheep_okawaru_gauntlet
D:3:      layout_loops_cross, lemuel_round_altar, gammafunk_ghost_gnarly_gnolls,
          cheibrodos_sewer_entry_bend
D:4:      cheibrodos_greedy_goblins, layout_basic, kennysheep_mini,
          gammafunk_ghost_smash
D:5:      layout_loops_ring, serial_shops, shop, columned_hall_lemuel
D:6:      layout_basic, grunt_temple_overflow_open, minmay_temple_entry_hall,
          cheibrodos_ashenzari_chains, uniq_prince_ribbit1
D:7:      layout_basic, lemuel_round_altar, nicolae_gozag_seed_capital
D:8:      layout_basic, lemuel_doored_altar, lair_entry_dummy,
          zaba_antful_of_joy

Skill      XL: |  1  2  3  4  5  6  7  8  9 |
---------------+----------------------------+-----
Short Blades   | 2 3 4 5 7 9 |  9.4
Fighting       | 3 4 5 6 7 9 |  9.6
Armour         | |  2.4
Shields        | |  2.6

Action                   |  1- 3 |  4- 6 |  7- 9 | 10-12 || total
-------------------------+-------+-------+-------+-------++-------
Melee: Rapier            |    95 |   192 |   356 |    51 ||   694
       Bite              |    27 |    57 |   128 |     6 ||   218
Invok: Heroism           |       |       |     1 |     2 ||     3
Evoke: Wand              |       |     4 |       |       ||     4
  Use: Scroll            |       |     9 |       |     1 ||    10
       Potion            |       |       |       |     7 ||     7
Armor: Scale mail        |    51 |    63 |   167 |    11 ||   292
       Skin              |       |       |       |    25 ||    25
Dodge: Dodged            |    30 |    29 |    99 |    13 ||   171
Block: Kite shield       |    33 |    67 |   151 |    24 ||   275
